cohdb
Replays
Latest Replays
All Replays
Popular Replays
Top Player Replays
Match Explorer
How It Works
Community
CoH3 Stats
Reddit
Sign in to upload your games and track your stats! →
Sign in with Steam
Match 44771772
Unlisted
Match 44771772
Overview
Messages
Build Orders
End
Construct Infanterie Kompanie
Kettenkrad Recon Vehicle
Selects Mechanized Battlegroup
MG 42 Machine Gun Team
GrW 34 Mortar Team
Grenadier Squad
Construct Luftwaffe Kompanie
Jäger Squad
Construct Panzergrenadier Kompanie
251 Medium Carrier
Panzergrenadier Squad
Selects Raid Package
Kettenkrad Recon Vehicle
Construct Panzer Kompanie
Support Elements
Selects StuG Assault Group
Selects UNKNOWN (2160084)
Stoßtruppen Squad
Panther Heavy Tank
TheCondor
MUTED
Agent Smith
Robin Da Hood
[TTV]Under_Keep
MΛMISTΛKΣN™
日浓包
Aleloons
0
0
Comments
sign in to comment!
No comments posted yet!